 Dungeon Crawl Stone Soup version 0.27-a0-1299-g1ab19c6527 (webtiles) character file.

Game seed: 8301928978662571636

151 mordus the Shield-Bearer (level 5, -2/41 HPs)
             Began as a Formicid Fighter on June 16, 2021.
             Slain by an orc priest (7 damage)
             ... on level 3 of the Dungeon.
             The game lasted 00:03:01 (2584 turns).

mordus the Shield-Bearer (Formicid Fighter)         Turns: 2584, Time: 00:03:01

Health: -2/41      AC:  6    Str: 22    XL:     5   Next: 60%
Magic:  5/5        EV:  6    Int:  7    God:
Gold:   113        SH: 15    Dex: 10    Spells: 4/4 levels left

rFire    . . .     SeeInvis +   a - +0 long sword
rCold    . . .     Faith    .   j - +0 tower shield
rNeg     . . .     Spirit   .   b - +0 scale mail
rPois    .         Reflect  .   (helmet unavailable)
rElec    .         Harm     .   (no cloak)
rCorr    .         Rampage  .   (no gloves)
Will     .....                  (no boots)
Stlth    ..........             (no amulet)
HPRegen  0.13/turn              (no ring)
MPRegen  0.09/turn              (no ring)

@: no status effects
A: permanent stasis, dig shafts and tunnels, antennae 3, four strong arms
a: Dig, Shaft Self


You were on level 3 of the Dungeon.
You visited 1 branch of the dungeon, and saw 3 of its levels.

You collected 113 gold pieces.

Inventory:

Hand Weapons
 a - a +0 long sword (weapon)
Missiles
 m - 2 boomerangs of dispersal
Armour
 b - a +0 scale mail (worn)
 c - a +0 kite shield
 j - a +0 tower shield (worn)
Scrolls
 e - a scroll of magic mapping {unknown}
 h - 3 scrolls of identify {unknown}
 i - 3 scrolls of teleportation {unknown}
 o - a scroll of fog {unknown}
Potions
 d - a potion of might
 f - a potion of haste {unknown}
 g - a potion of mutation {unknown}
 k - a potion of degeneration {unknown}
 l - a potion of ambrosia {unknown}
 n - a potion of curing {unknown}
 p - 3 potions of heal wounds {unknown}


   Skills:
 - Level 3.2 Fighting
 * Level 4.5 Long Blades
 - Level 3.2 Armour
 + Level 5.0 Shields


You had 4 spell levels left.
You didn't know any spells.
Your spell library was empty.

Dungeon Overview and Level Annotations

Branches:
Dungeon (3/15)

Altars:


Innate Abilities, Weirdness & Mutations

You cannot be hasted, slowed, berserked, paralysed or teleported.
You can dig through walls and to a lower floor.
You have a pair of large antennae on your head. (SInv)
Your four strong arms can wield two-handed weapons with a shield.


Message History

You hit Robin.
Robin is almost dead.
An adder comes into view.
The goblin hits you but does no damage.
Robin roars a battlecry!
You hear an angry hiss.
You barely miss Robin.
Robin is almost dead.
The goblin hits you with a +0 club. Robin throws the goblin at you!
You slash Robin!
You kill Robin!
The goblin hits you but does no damage. You block the hobgoblin's attack.
The goblin hits you with a +0 club. You block the hobgoblin's attack.
You slash the goblin!
You kill the goblin!
The hobgoblin hits you.
You hit the hobgoblin.
The hobgoblin is almost dead.
The hobgoblin hits you but does no damage.
You block the hobgoblin's attack.
You hit the hobgoblin but do no damage.
The hobgoblin is almost dead.
The orc priest looks encouraged for a moment.
You block the hobgoblin's attack.
You hit the hobgoblin.
You kill the hobgoblin!
A frilled lizard comes into view.
The orc priest mumbles some strange prayers to Beogh against you.
Beogh smites you!
* * * LOW HITPOINT WARNING * * *
You block the orc's attack.
You see here a +0 club.
You slash the orc!
You kill the orc!
Your Shields skill increases to level 5!
Your shield and scale mail prevent you from hitting the orc priest.
The orc priest hits you with a +0 flail.
* * * LOW HITPOINT WARNING * * *
The orc priest hits you with a +0 flail!
You die...

.....# ####.# .. #
#.####### l. #
#.......# .# #
#######.#### {{.{
#........# {#
#.###.##.# .# #.#
#.##.####g#####
#.#
#.##..)@oo....# #
#.#
#..#..###......#
## #.####.#..#
####..# .##
#..###.#..# #
..####...##.#..###
..'...........<...
..####...†...#.##
.## #..###..#.# ##
#.####..#


You could see an orc priest, an orc and a goblin.

Vanquished Creatures
  Jessica (D:3)
  Robin (D:3)
  3 adders
  3 worms
  A dart slug (D:1)
  3 orcs (D:3)
  6 ball pythons
  3 endoplasms
  2 giant cockroaches (D:1)
  8 hobgoblins
  7 jackals
  6 bats
  4 frilled lizards
  15 goblins
  5 kobolds
  3 rats (D:1)
71 creatures vanquished.

Notes
Turn   | Place    | Note
-------+----------+-------------------------------------------
     0 | D:1      | mordus the Formicid Fighter began the quest for the Orb.
     0 | D:1      | Reached XP level 1. HP: 18/18 MP: 1/1
   202 | D:1      | Reached XP level 2. HP: 20/24 MP: 2/2
   490 | D:1      | Reached skill level 4 in Shields
   772 | D:1      | Reached XP level 3. HP: 27/29 MP: 3/3
  1231 | D:2      | Reached XP level 4. HP: 29/35 MP: 4/4
  1241 | D:2      | Found a faded altar of an unknown god.
  1993 | D:3      | Noticed Jessica
  2001 | D:3      | Killed Jessica
  2002 | D:3      | Reached XP level 5. HP: 34/41 MP: 5/5
  2551 | D:3      | Noticed Robin
  2577 | D:3      | Killed Robin
  2584 | D:3      | Reached skill level 5 in Shields
  2584 | D:3      | Slain by an orc priest

Illustrated notes

Levels and vault maps discovered:
D:1:      dpeg_arrival_simpleton_c, layout_basic
D:2:      layout_basic, hellmonk_ecumenical_altar_dog_temple
D:3:      layout_loops_corners, gammafunk_temple_overflow_forgotten,
          uniq_sigmund, uniq_jessica, uniq_robin

Skill      XL: |  1  2  3  4  5 |
---------------+----------------+-----
Shields        | 4 5 |  5.0
Long Blades    | 3 4 |  4.5
Fighting       | |  3.2
Armour         | |  3.2

Action                   |  1- 3 |  4- 6 || total
-------------------------+-------+-------++-------
Melee: Long sword        |   103 |   110 ||   213
Armor: Scale mail        |    39 |    44 ||    83
Dodge: Dodged            |    35 |    22 ||    57
Block: Kite shield       |    60 |       ||    60
       Tower shield      |       |    84 ||    84
       Rpst.: Long sword |    13 |     4 ||    17

Table legend: (Time is in decaauts)
 A = Elapsed time spent in this place.
 B = Non-inter-level travel time spent in this place.
 C = Inter-level travel time spent in this place.
 D = Time resting spent in this place.
 E = Time spent auto-exploring this place.
 F = Levels seen in this place.
 G = Mean time per level.
                   A        B        C        D        E       F      G
               +--------+--------+--------+--------+--------+-----+--------+
         Total |   2685 |   2650 |     35 |     42 |   2083 |   3 |  895.0 |
       Dungeon |   2685 |   2650 |     35 |     42 |   2083 |   3 |  895.0 |
               +--------+--------+--------+--------+--------+-----+--------+

Top non-repeatable levels by time:
     D:1: 1146 daAuts
     D:3: 778 daAuts
     D:2: 760 daAuts
